 Dungeon Crawl Stone Soup version 0.27-a0-1051-g288ea87c7c (webtiles) character file.

Game seed: 14577627593069195741

8895 snetch the Basher (level 11, -4/142 HPs)
             Began as a Minotaur Berserker on Apr 20, 2021.
             Was a High Priest of Trog.
             Slain by a death yak simulacrum (8 damage)
             ... in an ice cave.
             The game lasted 00:32:27 (10390 turns).

snetch the Basher (Minotaur Berserker)             Turns: 10390, Time: 00:32:27

Health: -4/142     AC: 14    Str: 25    XL:     11   Next: 15%
Magic:  10/10      EV: 13    Int:  4    God:    Trog [*****.]
Gold:   553        SH:  8    Dex: 13    Spells: 10/10 levels left

rFire    x . .     SeeInvis .   a - +5 whip of snetch's Terror {chaos, Dex+3}
rCold    + + .     Faith    .   Z - +0 buckler
rNeg     . . .     Spirit   .   u - +3 ring mail of the Untouchables {Slay+5 Stlth+}
rPois    .         Reflect  +   t - +1 hat
rElec    .         Harm     .   k - +0 cloak
rCorr    .         Rampage  .   (no gloves)
Will     ++...                  v - +0 pair of boots
Stlth    ..........             K - amulet of reflection
HPRegen  1.33/turn              L - ring of protection from cold
MPRegen  0.12/turn              s - ring of ice

@: berserking, regenerating, very quick
A: horns 2, retaliatory headbutt
a: Renounce Religion, Berserk, Trog's Hand, Brothers in Arms


You were in an ice cave.
You worshipped Trog.
Trog was extremely pleased with you.
You visited 2 branches of the dungeon, and saw 13 of its levels.
You also visited: Ice Cave.

You collected 633 gold pieces.
You spent 80 gold pieces at shops.

Inventory:

Hand Weapons
 a - the +5 whip of snetch's Terror (weapon) {chaos, Dex+3}
   (You found it on level 5 of the Dungeon)

   Each time it hits an enemy it has a different, random effect.
   It affects your dexterity (+3).
 b - a +0 hand axe
 c - a +0 antimagic scythe
Missiles
 d - 3 datura-tipped darts
 x - 49 poisoned darts
 G - 7 curare-tipped darts
 M - 2 throwing nets
 W - 8 boomerangs
Armour
 k - a +0 cloak (worn)
 t - a +1 hat (worn)
 u - the +3 ring mail of the Untouchables (worn) {Slay+5 Stlth+}
   (You found it on level 4 of the Dungeon)

   It affects your accuracy and damage with ranged weapons and melee attacks
   (+5).
   It makes you more stealthy.
 v - a +0 pair of boots (worn)
 Z - a +0 buckler (worn)
Jewellery
 s - a ring of ice (right hand)
 K - an amulet of reflection (around neck)
 L - a ring of protection from cold (left hand)
Wands
 A - a wand of flame (9) (quivered)
 S - a wand of digging (6)
 U - a wand of acid (10)
 X - a wand of iceblast (6)
Scrolls
 f - a scroll of magic mapping
 g - a scroll of enchant weapon
 h - a scroll of vulnerability
 j - a scroll of enchant armour
 r - 3 scrolls of blinking {unknown}
 z - a scroll of fog
 E - 4 scrolls of teleportation {unknown}
 H - a scroll of torment
 I - a scroll of immolation
 Q - 2 scrolls of noise {unknown}
 T - a scroll of fear
 Y - a scroll of acquirement
Potions
 i - 9 potions of curing
 n - a potion of heal wounds
 p - 4 potions of flight {unknown}
 q - a potion of haste
 N - 2 potions of invisibility
 O - a potion of brilliance
 P - a potion of might


   Skills:
 + Level 8.9 Fighting
 + Level 9.6(11.4) Axes
 + Level 10.2(11.7) Maces & Flails
 + Level 9.6 Armour
 + Level 6.9 Dodging
 + Level 4.1 Stealth
 + Level 2.3 Evocations


You had 10 spell levels left.
You didn't know any spells.
Your spell library contained the following spells:

 Spells                   Type           Power      Damage    Failure   Level
 Beastly Appendage        Tmut           0%         N/A       80%         1
 Magic Dart               Conj           0%         1d3       80%         1
 Blink                    Tloc           N/A        N/A       90%         2
 Call Imp                 Summ           0%         N/A       90%         2
 Searing Ray              Conj           0%         3d3       90%         2
 Slow                     Hex            0%         N/A       90%         2
 Wereblood                Tmut           0%         N/A       90%         2
 Confusing Touch          Hex            0%         N/A       99%         3
 Conjure Flame            Conj/Fire      0%         6-21      99%         3
 Dazzling Flash           Conj/Hex       0%         N/A       99%         3
 Gell's Gravitas          Tloc           0%         N/A       99%         3
 Mephitic Cloud           Conj/Pois/Air  0%         N/A       99%         3
 Spider Form              Tmut/Pois      0%         N/A       99%         3
 Fulminant Prism          Conj/Hex       0%         3d6       100%        4
 Ice Form                 Ice/Tmut       0%         N/A       100%        4
 Iskenderun's Mystic Bla  Conj/Tloc      0%         2d3       100%        4
 Petrify                  Tmut/Erth      0%         N/A       100%        4
 Hydra Form               Tmut           0%         N/A       100%        5
 Irradiate                Conj/Tmut      0%         3d14      100%        5
 Metabolic Englaciation   Hex/Ice        0%         N/A       100%        5
 Yara's Violent Unravell  Hex/Tmut       0%         3d3       100%        5
 Blade Hands              Tmut           0%         N/A       100%        6
 Statue Form              Tmut/Erth      0%         N/A       100%        6
 Dragon Form              Tmut           0%         N/A       100%        7


Dungeon Overview and Level Annotations

Branches:
Dungeon (12/15)            Temple (1/1) D:7            Lair (0/6) D:8
  IceCv (1/1)
    Orc: D:9-12

Altars:
Ashenzari
Cheibriados
Dithmenos
Elyvilon
Fedhas
Gozag
Hepliaklqana
Kikubaaqudgha
Makhleb
Nemelex Xobeh
Okawaru
Qazlal
Ru
Sif Muna
Trog
Uskayaw
Vehumet
Wu Jian
Xom
Yredelemnul
Zin
The Shining One
Beogh

Shops:
D:1 (!**:


Innate Abilities, Weirdness & Mutations

You have a pair of horns on your head.
You reflexively headbutt those who attack you in melee.


Message History

You resist.
The alligator simulacrum tail-slaps you.
The alligator simulacrum freezes you! You resist.
* * * LOW HITPOINT WARNING * * *
You whack the death yak simulacrum!
Lightning courses through the death yak simulacrum!
You headbutt the death yak simulacrum.
The death yak simulacrum vapourises!
Trog accepts your kill.
Your Evocations skill increases to level 2!
Unknown command.
You whack the alligator simulacrum!
Lightning courses through the alligator simulacrum!!
You headbutt the alligator simulacrum.
The alligator simulacrum vapourises!
Trog accepts your kill.
Unknown command.
You thrash the alligator simulacrum!!
The alligator simulacrum suddenly seems more agile.
The alligator simulacrum is heavily damaged.
The alligator simulacrum bites you!
* * * LOW HITPOINT WARNING * * *
The alligator simulacrum freezes you. You resist.
* * * LOW HITPOINT WARNING * * *
The alligator simulacrum tail-slaps you but does no damage.
You whack the alligator simulacrum!
The alligator simulacrum resists with some effort.
The alligator simulacrum is severely damaged.
Unknown command.
You thrash the alligator simulacrum!!
The alligator simulacrum vapourises!
Trog accepts your kill.
Unknown command.
You hit the death yak simulacrum.
The death yak simulacrum seems to grow stronger.
The death yak simulacrum is lightly damaged.
The death yak simulacrum gores you!!
* * * LOW HITPOINT WARNING * * *
The death yak simulacrum freezes you! You resist.
You die...

#####
##...##
##..āˆ©..##
#.......#
#...āˆ©...#
##.....##
##@ā—‹.##
#Zā—‹.#
...## #...#
##... ##...
#.. .##


You could see a death yak simulacrum (strong).

Vanquished Creatures
  2 two-headed ogres
  A troll (D:9)
  A meliai zombie (D:11)
  Sigmund (D:5)
  A shadow (D:10)
  A spriggan (D:10)
  6 yaks (D:8)
  2 wyverns (D:8)
  2 basilisks (D:8)
  A death yak simulacrum (IceCv)
  2 steam dragons
  2 water moccasins
  An acid dragon (D:10)
  3 orc warriors
  2 alligator simulacra (IceCv)
  A sky beast (D:6)
  A black bear (D:6)
  10 ice beasts
  5 ogres
  3 centaurs
  A phantom (D:6)
  2 kobold brigands
  5 bullfrogs
  A wyvern zombie (D:7)
  A wyvern skeleton (D:6)
  5 killer bees (D:8)
  9 wights
  4 centaur zombies
  5 hounds
  A jelly (D:6)
  9 orc priests
  An iguana (D:4)
  A centaur skeleton (D:4)
  2 gnoll shamans
  7 orc wizards
  A scorpion zombie (D:5)
  2 hound skeletons
  A howler monkey zombie (D:5)
  3 adders
  15 gnolls
  A worm (D:4)
  A dart slug (D:2)
  15 orcs
  2 bats
  5 endoplasms
  3 giant cockroaches
  4 goblins
  11 hobgoblins
  9 quokkas
  4 ball pythons
  5 frilled lizards
  21 kobolds
  21 rats
226 creatures vanquished.

Vanquished Creatures (others)
  A wyvern (D:8)
  3 plants
4 creatures vanquished.

Grand Total: 230 creatures vanquished

Notes
Turn   | Place    | Note
-------+----------+-------------------------------------------
     0 | D:1      | snetch the Minotaur Berserker began the quest for the Orb.
     0 | D:1      | Reached XP level 1. HP: 19/19 MP: 0/0
    53 | D:1      | Found Digiok's Book Emporium.
    82 | D:1      | Found Numal's General Store.
   328 | D:1      | Found Curamer's General Store.
   348 | D:2      | Reached XP level 2. HP: 27/27 MP: 1/1
   638 | D:1      | Found Ytef's Distillery.
   662 | D:1      | Found a faded altar of an unknown god.
   800 | D:4      | Reached XP level 3. HP: 31/34 MP: 2/2
   880 | D:4      | Reached XP level 4. HP: 40/41 MP: 3/3
   987 | D:3      | Reached ** piety under Trog
  1247 | D:1      | Found Zarafah's Antique Weapon Shop.
  1352 | D:1      | Bought a potion of curing for 30 gold pieces
  1352 | D:1      | Bought a potion of heal wounds for 50 gold pieces
  1792 | D:2      | Reached *** piety under Trog
  1794 | D:2      | Reached skill level 5 in Axes
  2526 | D:3      | Reached XP level 5. HP: 25/47 MP: 4/4
  2867 | D:4      | Found a glowing silver altar of Zin.
  3051 | D:4      | Found a faded altar of an unknown god.
  3051 | D:4      | Found a faded altar of an unknown god.
  3053 | D:4      | Found a hazy altar of Hepliaklqana.
  3057 | D:4      | Reached skill level 5 in Fighting
  3063 | D:4      | Identified the +3 ring mail of the Untouchables {Slay+5
                  | Stlth+}
  3164 | D:5      | Entered Level 5 of the Dungeon
  3187 | D:5      | Noticed an ogre
  3195 | D:5      | Killed an ogre
  3196 | D:5      | Reached XP level 6. HP: 41/56 MP: 5/5
  3467 | D:6      | Noticed a sky beast
  3474 | D:6      | Noticed an ice beast
  3475 | D:6      | Killed a sky beast
  3476 | D:6      | Reached XP level 7. HP: 61/61 MP: 6/6
  3488 | D:6      | Reached skill level 5 in Armour
  3799 | D:7      | Found a staircase to the Ecumenical Temple.
  3824 | Temple   | Entered the Ecumenical Temple
  3972 | D:5      | Identified the +5 whip of snetch's Terror {chaos, Dex+3}
  4078 | D:5      | Reached XP level 8. HP: 64/70 MP: 7/7
  4085 | D:5      | Noticed Sigmund
  4096 | D:5      | Killed Sigmund
  4183 | D:4      | Reached **** piety under Trog
  4569 | D:1      | Upgraded the game from 0.27-a0-1046-g98bf31544f to
                  | 0.27-a0-1051-g288ea87c7c
  4638 | D:3      | Reached skill level 1 in Maces & Flails
  4673 | D:3      | Reached skill level 1 in Stealth
  4727 | D:3      | Found a radiant altar of Vehumet.
  4730 | D:3      | Found a shimmering altar of Xom.
  4730 | D:3      | Found a bloodstained altar of Trog.
  4732 | D:3      | Found a sparkling altar of Nemelex Xobeh.
  4732 | D:3      | Found a shimmering altar of Xom.
  4732 | D:3      | Found a snail-covered altar of Cheibriados.
  5368 | D:5      | Reached skill level 2 in Maces & Flails
  5636 | D:6      | Reached skill level 3 in Maces & Flails
  6069 | D:7      | Reached skill level 4 in Maces & Flails
  6080 | D:7      | Reached XP level 9. HP: 51/78 MP: 6/8
  6344 | D:7      | Reached skill level 5 in Maces & Flails
  7114 | D:9      | Reached skill level 6 in Maces & Flails
  7330 | D:8      | Found a hide-covered altar of Uskayaw.
  7363 | D:8      | Reached skill level 7 in Maces & Flails
  7366 | D:8      | Reached ***** piety under Trog
  7367 | D:8      | Reached skill level 5 in Dodging
  7564 | D:8      | Found a staircase to the Lair.
  7577 | D:8      | Reached XP level 10. HP: 77/88 MP: 4/9
  7581 | D:8      | Reached skill level 8 in Maces & Flails
  8408 | D:9      | Reached skill level 9 in Maces & Flails
  8752 | D:9      | Noticed a two-headed ogre
  8760 | D:9      | Killed a two-headed ogre
  8778 | D:10     | Entered Level 10 of the Dungeon
  9374 | D:10     | Noticed a two-headed ogre
  9382 | D:10     | Killed a two-headed ogre
  9383 | D:10     | Reached skill level 10 in Maces & Flails
 10161 | D:11     | Reached skill level 1 in Evocations
 10161 | D:11     | Reached XP level 11. HP: 80/95 MP: 8/10
 10264 | D:12     | Found a frozen archway.
 10368 | D:12     | Identified a scroll of acquirement
 10378 | IceCv    | Entered an ice cave
 10390 | IceCv    | HP: 4/142 [death yak simulacrum (20)]
 10390 | IceCv    | Slain by a death yak simulacrum

Illustrated notes

Levels and vault maps discovered:
D:1:      minmay_arrival_four_houses, layout_loops_ring, serial_shops, shop,
          nicolae_shop_waterfront, shop_fountains, nicolae_shop_statue_plus,
          shop, shapermc_ecumenical_altar_mp_urbaneastern, minmay_pentomino_s2
D:2:      layout_basic, minmay_rat_hole
D:3:      layout_loops_ring, doesnt_xom_only_xom, kennysheep_orc_chapel
D:4:      layout_loops_corners, amcnicky_altar_gilded,
          nicolae_hepliaklqana_ecumenical_no_more
D:5:      layout_gridville, uniq_sigmund
D:6:      layout_loops_ring
D:7:      layout_rooms, minmay_temple_entry_tees
D:8:      layout_basic, lemuel_coloured_pillars_altar, david_lair_generic
D:9:      layout_stronghold
D:10:     layout_roguey, nicolae_two_hexagons, the_bakery
D:11:     layout_roguey, erik_orc_1, blue_anna_alchemist
          [blue_anna_fruit_fields, blue_anna_fruit_fields]
D:12:     layout_loops_ring, portal_ice_cave_entry_ice_beasts, uniq_erolcha
Temple:   compressed_dpeg_circular_temple
IceCv:    ice_cave_small_necro

Skill      XL: |  1  2  3  4  5  6  7  8  9 10 11 |
---------------+----------------------------------+-----
Axes           | 4 5 6 7 8 9 |  9.6
Fighting       | 4 5 6 7 8 |  8.9
Armour         | 3 4 5 6 7 9 |  9.6
Dodging        | 3 4 5 6 |  6.9
Maces & Flails | 4 7 10 | 10.2
Stealth        | 2 3 4 |  4.1
Evocations     | 1 2 |  2.3

Action                   |  1- 3 |  4- 6 |  7- 9 | 10-12 || total
-------------------------+-------+-------+-------+-------++-------
Melee: Hand axe          |    44 |   143 |    34 |       ||   221
       Headbutt          |     7 |    22 |    50 |    35 ||   114
       Whip              |       |       |   163 |   119 ||   282
Throw: Dart              |       |       |       |     1 ||     1
Invok: Trog's Hand       |       |       |       |     3 ||     3
       Berserk           |       |       |       |     1 ||     1
Evoke: Wand              |       |       |       |    31 ||    31
  Use: Scroll            |       |       |       |    14 ||    14
 Stab: Sleeping          |       |       |     3 |       ||     3
Armor: Animal skin       |     5 |       |       |       ||     5
       Ring mail         |     3 |    29 |    88 |    65 ||   185
       Chain mail        |       |    43 |       |       ||    43
Dodge: Dodged            |    30 |    71 |    99 |    73 ||   273
Block: Buckler           |       |       |       |     2 ||     2

Table legend: (Time is in decaauts)
 A = Elapsed time spent in this place.
 B = Non-inter-level travel time spent in this place.
 C = Inter-level travel time spent in this place.
 D = Time resting spent in this place.
 E = Time spent auto-exploring this place.
 F = Levels seen in this place.
 G = Mean time per level.
                   A        B        C        D        E       F      G
               +--------+--------+--------+--------+--------+-----+--------+
         Total |  10342 |   9719 |    623 |      5 |   7083 |  14 |  738.7 |
       Dungeon |  10230 |   9615 |    615 |      5 |   7015 |  12 |  852.5 |
        Temple |    103 |     95 |      8 |      0 |     68 |   1 |  103.0 |
      Ice Cave |      7 |      7 |      0 |      0 |      0 |   1 |    7.0 |
               +--------+--------+--------+--------+--------+-----+--------+

Top non-repeatable levels by time:
     D:8: 1330 daAuts
     D:9: 1287 daAuts
     D:2: 1161 daAuts
     D:4: 1126 daAuts
     D:3: 1015 daAuts
     D:6: 947 daAuts
     D:1: 902 daAuts
    D:10: 849 daAuts
     D:7: 727 daAuts
     D:5: 681 daAuts
    D:12: 105 daAuts
  Temple: 103 daAuts
    D:11: 96 daAuts
   IceCv: 7 daAuts
